Map: Pillars of Gold LE

Players

PtitDrogo - Winner!

  • Race: Protoss Protoss
  • League: Master
  • Spawn Location: 1:00

Serral

  • Race: Zerg Zerg
  • Spawn Location: 7:00

Event: StayAtHomestory Cup #2

VOD

Have the link to the VOD?

Description

Time

  • Played on: June 12, 2020, 2:45 p.m.
  • Length: 13:02

All games in this series

Show
View Real Time Build Order
Export as new Build Order

PtitDrogo Protoss - Winner!

Build Orders: 1 Gate Expand, Oracle Opening, Archon Immortal 

Get SALT Encoding   

  12  0:00  Probe  
  13  0:12  Probe  
  14  0:19  Pylon  
  14  0:25  Probe  
  15  0:34  Probe  
  15  0:42  Probe  
  16  0:44  Gateway  
  17  0:53  Probe, Assimilator  
  18  1:05  Probe  
  19  1:17  Probe  
  20  1:29  Nexus  
  20  1:39  Cybernetics Core  
  20  1:43  Probe  
  21  1:50  Assimilator  
  21  1:55  Probe  
  21  1:59  Pylon  
  22  2:07  Adept  
  23  2:08  Probe  
  23  2:20  Probe  
  26  2:23  Stargate  
  26  2:28  Warp Gate  
  26  2:30  Adept  
  26  2:32  Probe  
  27  2:39  Probe  
  30  2:44  Probe  
  30  2:47  Probe  
  31  2:56  Probe  
  31  2:57  Probe  
  33  3:00  Stalker  
  33  3:03  Oracle  
  36  3:09  Probe  
  37  3:15  Probe  
  41  3:21  Probe, Gateway  
  41  3:26  Pylon  
  42  3:29  Probe  
  42  3:33  Probe  
  42  3:34  Oracle  
  44  3:42  Probe  
  44  3:44  Gateway  
  44  3:46  Probe  
  49  3:57  Probe  
  49  3:58  Probe  
  49  4:04  Assimilator x2  
  49  4:08  Pylon  
  49  4:09  Probe  
  50  4:10  Probe  
  51  4:20  Probe  
  51  4:22  Adept  
  54  4:26  Probe  
  54  4:27  Adept  
  54  4:28  Probe  
  57  4:36  Probe  
  57  4:38  Probe  
  59  4:41  Nexus  
  59  4:44  Pylon  
  60  4:47  Probe  
  60  4:48  Robotics Facility  
  60  4:50  Probe  
  62  4:57  Twilight Council  
  62  5:00  Forge  
  62  5:02  Probe x2  
  62  5:05  Sentry  
  62  5:06  Shield Battery  
  66  5:07  Sentry  
  66  5:13  Pylon  
  68  5:14  Probe  
  68  5:16  Probe  
  70  5:22  Oracle  
  70  5:34  Stalker x2  
  77  5:39  Pylon  
  77  5:46  Shield Battery  
  77  5:47  Charge  
  77  5:50  Immortal, Oracle  
  77  5:51  Shield Battery  
  77  5:54  Stalker  
  83  5:58  Shield Battery  
  86  6:04  Shield Battery  
  86  6:06  Sentry x2  
  90  6:25  Stalker  
  90  6:27  Immortal, Protoss Ground Weapons Level 1  
  90  6:30  Stalker x2  
  72  6:51  Stalker  
  72  6:53  Probe  
  72  6:54  Probe  
  73  6:56  Probe  
  73  7:05  Probe, Zealot x2  
  73  7:06  Probe, Warp Prism  
  77  7:14  Probe  
  74  7:18  Probe x2  
  74  7:21  Gateway  
  74  7:22  Gateway x2  
  78  7:25  Gateway  
  78  7:26  Probe, Templar Archives  
  78  7:29  Zealot  
  81  7:30  Probe x2  
  83  7:38  Probe  
  83  7:42  Probe x2  
  83  7:43  Gateway  
  86  7:46  Pylon  
  86  7:49  Zealot  
  86  7:50  Zealot x2  
  86  7:51  Probe  
  93  7:54  Probe x2  
  93  7:56  Gateway  
  93  7:57  Pylon  
  95  8:01  Photon Cannon  
  95  8:04  Protoss Ground Weapons Level 2, Pylon  
  95  8:12  High Templar x3  
  101  8:16  Archon, High Templar  
  101  8:18  Assimilator  
  103  8:20  Assimilator  
  103  8:25  Archon  
  103  8:26  High Templar x2, Zealot  
  109  8:31  Archon  
  109  8:37  Pylon  
  109  8:38  Zealot, Pylon  
  111  8:45  Nexus  
  111  8:46  Pylon  
  111  8:51  Observer  
  111  8:55  Zealot x6  
  123  9:02  Immortal  
  124  9:03  Pylon  
  124  9:04  Zealot  
  124  9:09  Zealot x2  
  130  9:17  Psionic Storm  
  132  9:27  Zealot x2  
  132  9:30  Zealot x3  
  142  9:33  Stalker  
  144  9:38  High Templar  
  144  9:40  High Templar  
  144  9:41  Immortal  
  152  9:51  Shield Battery  
  152  9:53  Shield Battery  
  152  9:54  Zealot x2  
  154  10:03  Archon  
  154  10:04  High Templar  
  154  10:05  High Templar, Zealot x3  
  154  10:17  Stalker x3  
  154  10:21  Zealot  
  158  10:26  Probe  
  158  10:27  Zealot x3  
  161  10:30  Immortal  
  161  10:33  Assimilator  
  161  10:35  Assimilator  
  152  10:43  Zealot x3  
  152  10:44  Zealot x3  
  152  10:49  Blink  
  158  11:03  Stalker x3  
  158  11:07  High Templar  
  158  11:09  Zealot  
  156  11:16  Zealot x3  
  128  11:28  Zealot x4  
  124  11:36  Immortal  
  124  11:37  Zealot x2  
  128  11:42  High Templar x3  
  134  11:49  Zealot x2  
  134  11:50  Zealot  
  130  11:55  Stalker  
  130  11:59  High Templar x2  
  132  12:07  Immortal  
  132  12:11  High Templar x2, Zealot  
  132  12:22  Zealot x3  
  133  12:30  Stalker  
  133  12:32  Zealot x3  
  139  12:38  Probe x2  
  137  12:44  Sentry, High Templar x2  
  137  12:45  Stalker  
  137  12:48  Archon  
  146  12:55  Zealot x5  
Show
View Real Time Build Order
Export as new Build Order

Serral Zerg 

Build Orders: Hatch First 

Get SALT Encoding   

  12  0:00  Drone  
  13  0:12  Overlord  
  13  0:18  Drone  
  14  0:31  Drone x2  
  16  0:44  Drone  
  17  0:54  Hatchery  
  16  0:58  Drone  
  16  1:01  Drone  
  18  1:11  Extractor  
  18  1:16  Spawning Pool  
  16  1:19  Drone  
  16  1:23  Drone  
  18  1:28  Drone  
  19  1:39  Drone  
  20  1:51  Hatchery  
  20  1:54  Drone  
  20  2:00  Drone  
  21  2:07  Zergling x2  
  22  2:10  Queen  
  24  2:17  Overlord  
  24  2:21  Drone  
  25  2:27  Drone  
  26  2:30  Metabolic Boost  
  26  2:38  Zergling x2  
  26  2:41  Queen  
  29  2:44  Zergling x2  
  29  2:47  Drone  
  29  2:50  Drone  
  32  2:52  Drone  
  33  2:58  Queen  
  35  3:10  Spore Crawler  
  33  3:14  Overlord  
  33  3:15  Drone x3  
  33  3:16  Drone  
  33  3:18  Drone  
  39  3:24  Queen  
  41  3:27  Zergling x2  
  41  3:33  Zergling x2  
  45  3:34  Drone x2  
  45  3:35  Drone  
  46  3:42  Overlord  
  46  3:43  Drone  
  46  3:44  Drone  
  46  3:46  Drone  
  49  3:50  Drone, Spore Crawler  
  49  3:55  Drone x2  
  49  3:57  Spore Crawler  
  49  3:59  Drone  
  49  4:02  Queen  
  51  4:10  Roach Warren  
  51  4:11  Drone  
  51  4:13  Drone  
  50  4:17  Roach Warren  
  50  4:19  Drone  
  50  4:20  Drone x2  
  51  4:24  Drone x2  
  51  4:28  Extractor, Drone  
  51  4:29  Extractor, Drone  
  51  4:30  Drone  
  54  4:34  Drone  
  54  4:36  Drone x2  
  56  4:45  Spore Crawler  
  56  4:46  Overlord  
  56  4:48  Overlord  
  56  4:51  Zergling x6  
  57  4:59  Overlord x2  
  58  5:07  Roach  
  58  5:08  Roach x2  
  58  5:10  Roach x2  
  67  5:17  Roach  
  69  5:22  Roach  
  69  5:24  Roach  
  71  5:30  Roach x2  
  71  5:34  Roach  
  76  5:37  Zergling x10  
  81  5:45  Zergling x4  
  81  5:46  Zergling x2, Overlord  
  81  5:49  Ravager x3  
  87  5:51  Ravager  
  87  5:52  Zergling x4  
  90  5:58  Overlord  
  90  6:03  Overlord  
  90  6:05  Ravager  
  90  6:06  Ravager  
  90  6:07  Zergling x2, Ravager  
  90  6:08  Zergling x6  
  89  6:28  Zergling x18  
  89  6:30  Ravager  
  89  6:31  Ravager  
  92  6:35  Zergling x4  
  92  6:38  Queen  
  92  6:39  Queen  
  74  6:51  Zergling x10  
  74  6:52  Queen  
  69  6:55  Zergling x2  
  70  7:05  Roach x2  
  69  7:13  Roach x3  
  69  7:18  Roach  
  69  7:22  Lair  
  71  7:23  Roach x2  
  71  7:28  Roach  
  77  7:32  Extractor  
  77  7:34  Evolution Chamber  
  75  7:39  Drone x3  
  78  7:51  Drone  
  78  7:52  Extractor, Drone x2  
  78  7:53  Drone x2, Overlord  
  78  7:54  Drone  
  78  7:55  Overlord  
  78  7:56  Roach x2  
  89  7:58  Roach  
  89  8:01  Roach x3  
  95  8:09  Roach x2  
  95  8:10  Roach  
  100  8:14  Zerg Missile Weapons Level 1  
  100  8:19  Overseer  
  100  8:21  Glial Reconstitution  
  100  8:23  Roach x2  
  104  8:29  Roach x2  
  104  8:31  Drone x2  
  104  8:33  Drone  
  111  8:40  Roach x3  
  116  8:49  Roach x3  
  121  8:55  Ravager  
  121  8:56  Ravager x4  
  121  8:58  Overlord  
  126  9:03  Overlord x2  
  126  9:05  Ravager x2  
  128  9:18  Roach x4  
  128  9:22  Roach x3  
  141  9:28  Ravager  
  141  9:29  Roach x3  
  147  9:39  Overlord x2  
  147  9:41  Roach x2, Zergling x2  
  147  9:43  Roach  
  152  9:45  Zergling x4  
  152  9:49  Overlord  
  154  9:53  Overlord  
  154  9:55  Overlord  
  154  9:58  Ravager  
  154  9:59  Ravager  
  154  10:03  Roach x2  
  154  10:04  Roach x2  
  147  10:11  Roach x2  
  147  10:15  Roach x2  
  147  10:20  Ravager  
  148  10:26  Roach x3  
  147  10:35  Roach  
  143  10:39  Roach x2  
  138  10:44  Roach  
  138  10:48  Ravager x4  
  142  10:59  Roach x4  
  145  11:05  Roach x2  
  145  11:11  Ravager  
  148  11:16  Roach  
  148  11:17  Roach x2  
  125  11:30  Zergling x14  
  120  11:39  Ravager  
  120  11:40  Roach x2, Zergling x2, Ravager  
  120  11:45  Roach x2  
  120  11:46  Ravager  
  120  12:00  Roach  
  120  12:01  Roach x4  
  127  12:05  Roach x2  
  131  12:14  Ravager  
  128  12:17  Zergling x10  
  132  12:28  Roach x2  
  134  12:31  Roach x2  
  130  12:37  Roach  
  130  12:39  Roach  
  133  12:44  Ravager x2  
Tags
 
Add a new tag
Caveats
  • Supply blocks, unpowered buildings, or Contaminate may cause inaccurate times.
  • Supply counts are checked every 10 seconds.